 Dungeon Crawl Stone Soup version 0.31-a0-1098-g6898e6545c (webtiles) character file.

Game seed: 6129854805519975029

105286 Armakuni the Blinker (level 15, 0/68 HPs)
             Began as a Felid Conjurer on Nov 29, 2023.
             Was a Priest of Elyvilon.
             Killed from afar by a shock serpent (16 damage)
             ... with a bolt of electricity
             ... on level 2 of the Snake Pit on Nov 30, 2023.
             The game lasted 01:41:59 (34868 turns).

Armakuni the Blinker (Felid Conjurer)              Turns: 34868, Time: 01:42:00

Health: 0/68       AC:  7    Str:  3    XL:     15   Next: 94%
Magic:  27/40      EV: 23    Int: 31    God:    Elyvilon [***...]
Gold:   2382       SH:  4    Dex: 17    Spells: 22/44 levels left
                                        Lives:  0   Deaths: 2

rFire   . .          .
                       - Unarmed
rCold   + . .        (shield unavailable)
rNeg    . . .        (body armour unavailable)
rPois   .            (helmet unavailable)
rElec   .            (cloak unavailable)
rCorr   .            (gloves unavailable)
SInv    +            (boots unavailable)
Will    ++...        U
                       - Hermit's Pendant {Faith Invo=14 Evo=0 MP+5}
Stlth   ++           A - +4 ring of protection
HPRegen 0.31/turn    I - +6 ring of intelligence
MPRegen 0.27/turn

%: faith
@: lethally poisoned (0 -> -4), beast-form, quick
A: beast (slay +1), very small, claws 1, fangs 3, see invisible, speed 1, shaggy
fur 3, stealthy paws, no weapons or thrown items, no armour, multi-lived, large
bone plates 1, wild magic 1
a: Begin Untransformation, Renounce Religion, Purification, Heal Other, Heal
Self


You were on level 2 of the Snake Pit.
You worshipped Elyvilon.
Elyvilon was most pleased with you.
You were a hulking beast.
You visited 6 branches of the dungeon, and saw 25 of its levels.
You also visited: Sewer and Bailey.

You collected 4308 gold pieces.
You spent 1926 gold pieces at shops.

Inventory:

Jewellery
 A - a +4 ring of protection (left paw)
 I - a +6 ring of intelligence (right paw)
 J - a ring of protection from cold
 N - a ring of positive energy
 P - a ring of poison resistance
 R - an amulet of regeneration
 U - the Hermit's Pendant (around neck) {Faith Invo=14 Evo=0 MP+5}
   (You found it on level 2 of the Dungeon)

   [amulet of faith]

   Invo=14: It sets your Invocations skill to 14.
   Evo=0: It sets your Evocations skill to 0.
   Faith:     It allows you to gain divine favour quickly.
   MP+5:      It affects your magic capacity (+5).
 W - a ring of wizardry
Talismans
 b - a beast talisman (active)
 y - a granite talisman
Wands
 c - a wand of charming (23)
 d - a wand of flame (1)
 k - a wand of digging (5)
Scrolls
 f - a scroll of silence
 g - 2 scrolls of immolation
 h - a scroll of enchant armour
 i - 12 scrolls of teleportation
 j - 6 scrolls of fear
 m - a scroll of fog
 o - 3 scrolls of vulnerability
 p - 6 scrolls of identify
 r - 3 scrolls of poison
 D - a scroll of noise
 G - 3 scrolls of summoning
 X - 2 scrolls of amnesia
Potions
 a - 10 potions of heal wounds
 e - 3 potions of enlightenment
 l - 10 potions of curing
 q - a potion of brilliance
 u - a potion of might
 v - 2 potions of lignification
 w - 2 potions of cancellation
 x - 3 potions of resistance
 z - 2 potions of invisibility
 B - 5 potions of haste
 C - a potion of magic
 F - a potion of mutation


   Skills:
 - Level 9.5 Fighting
 - Level 10.0 Dodging
 - Level 2.6 Stealth
 - Level 3.8 Unarmed Combat
 - Level 15.0 Spellcasting
 - Level 13.6 Conjurations
 - Level 10.0 Hexes
 - Level 15.0 Translocations
 + Level 3.6 Fire Magic
 + Level 5.1 Air Magic
 - Level 4.0 Poison Magic
 - Level 2.9 Shapeshifting


You had 22 spell levels left.
You knew the following spells:

 Your Spells              Type           Power      Damage    Failure   Level
a - Arcjolt               Conj/Air       41%        1d51      2%          5
i - Inner Flame           Hex/Fire       71%        N/A       1%          3
m - Iskenderun's Mystic   Conj/Tloc      98%        2d19      1%          4
p - Fulminant Prism       Conj/Hex       45%        3d21      1%          4
v - Poisonous Vapours     Pois/Air       100%       N/A       1%          2
w - Wereblood             Tmut           30%        N/A       5%          2
z - Searing Ray           Conj           100%       2d8       1%          2

Your spell library contained the following spells:

 Spells                   Type           Power      Damage    Failure   Level
 Magic Dart               Conj           100%       1d8       1%          1
 Shock                    Conj/Air       100%       1d9       1%          1
 Sting                    Tmut/Pois      100%       1d8       1%          1
 Cigotuvi's Dreadful Rot  Necr/Pois/Air  100%       N/A       1%          2
 Scorch                   Fire           100%       2d9       1%          2
 Dazzling Flash           Conj/Hex       100%       N/A       1%          3
 Swiftness                Air            64%        N/A       1%          3
 Flame Wave               Conj/Fire      79%        2d17      1%          4
 Vhi's Electric Charge    Tloc/Air       100%       N/A       1%          4
 Airstrike                Air            32%        2d(5-21)  4%          4
 Sublimation of Blood     Necr           30%        N/A       5%          2
 Olgreb's Toxic Radiance  Pois           58%        N/A       6%          4
 Yara's Violent Unravell  Hex/Tmut       31%        3d13      11%         5
 Dispel Undead            Necr           30%        3d14      26%         4
 Enfeeble                 Hex            42%        N/A       34%         7
 Plasma Beam              Fire/Air       30%        2x1d43    54%         6
 Death Channel            Necr           15%        N/A       98%         6
 Summon Cactus Giant      Summ           15%        N/A       98%         6
 Summon Hydra             Summ           15%        N/A       100%        7
 Chain Lightning          Conj/Air       41%        3d54      100%        9
 Fire Storm               Conj/Fire      39%        8d10      100%        9
 Shatter                  Erth           15%        3d15*     100%        9


Dungeon Overview and Level Annotations

Branches:
Dungeon (13/15)            Temple (1/1) D:4            Lair (5/5) D:11
 Shoals (2/4) Lair:3        Snake (2/4) Lair:3        Slime (0/5) Lair:4
    Orc (2/2) D:9             Elf (0/3) Orc:2         Sewer (visited)
 Bailey (visited)
 Vaults: D:13-14

Altars:
Ashenzari
Cheibriados
Dithmenos
Elyvilon
Fedhas
Gozag
Hepliaklqana
Kikubaaqudgha
Makhleb
Nemelex Xobeh
Okawaru
Qazlal
Ru
Sif Muna
Trog
Uskayaw
Vehumet
Wu Jian
Xom
Yredelemnul
Zin
The Shining One
Jiyva

Shops:
D:6 =?*(   D:7 [   Orc:2 [[(*   Snake:1 ::=

Portals:
Hell: Lair:5

Annotations:
Shoals:2 Ilsuiw, Polyphemus


Innate Abilities, Weirdness & Mutations

You are a hulking beast.
Your limbs bulge with bestial killing power. (Slay +1)
You have sharp claws.
You have razor-sharp teeth.
You have supernaturally acute eyesight. (SInv)
You cover ground quickly. (Speed+)
Your thick and shaggy fur keeps you warm. (AC +3, rC+)
Your paws help you pounce on unaware monsters.
You are incapable of wielding weapons or throwing items.
You cannot wear armour.
You gain extra lives every three experience levels.
You are partially covered in large bone plates. (SH +4)
Your spells are a little harder to cast, but a little more powerful.


Message History

Press: ? - help, Dir - move target, f - naga mage
Aim: a naga mage, wielding a +0 spear (wandering, hasn't noticed you, chance to affect: 81%)
The naga mage is filled with an inner flame.
The naga mage gestures at you while chanting.
The bolt of poison hits you!!
You are poisoned.
Aiming: Searing Ray (safe; 1% risk of failure)
Press: ? - help, Q - select action, (/) - cycle Shift-Dir - straight line, f/p - naga mage
Aim: a naga mage, wielding a +0 spear (inner flame, 83% to hit)
The searing ray hits the naga mage but does no damage. (Press . to maintain the ray.)
You feel very sick.
The searing ray hits the naga mage.
Flame seeps out of the naga mage.
The naga mage is lightly wounded.
The searing ray hits the shock serpent.
The shock serpent is lightly wounded.
You feel sick.
The naga mage is engulfed in blazing flames.
Flame seeps out of the naga mage.
Casting: Searing Ray (safe; 1% risk of failure)
Confirm with . or Enter, or press ? or * to list all spells.
You erupt in a blast of force!
The mystic blast hits the naga mage!!
The naga mage explodes!
You feel sick.
You hear a shout! x3
The shock serpent is engulfed in blazing flames.
The shock serpent's electric aura discharges, shocking you!
Casting: Iskenderun's Mystic Blast (safe; 1% risk of failure)
Confirm with . or Enter, or press ? or * to list all spells.
You erupt in a blast of force!
The mystic blast hits the shock serpent!!
The shock serpent is severely wounded.
The shock serpent is knocked back by the mystic blast.
The shock serpent's electric aura discharges, shocking you!
* * * LOW HITPOINT WARNING * * *
You feel sick.
You hear an angry hiss.
The shock serpent shoots out a bolt of lightning at you!
The bolt of electricity hits you!
You die...

#....#
#.#
#....#
##.######
#....#
#.......#
#....#
#.......#
######
#.......#
#.......#
##'######
#.# #h#
#§# #§#
#°# #.#
#.# #S#
#.#


You could see a shock serpent.

Vanquished Creatures
  Gastronok (D:8)
  Frances (D:12)
  An orc warlord (Orc:2)
  2 merfolk impalers
  Harold (D:10)
  2 vault guards (Bailey)
  4 anacondas
  A two-headed ogre (D:12)
  2 tengu warriors (D:13)
  Urug (D:11)
  4 naga warriors (Snake:1)
  An orc high priest (Orc:2)
  2 death yaks (Lair:2)
  5 naga sharpshooters
  2 skysharks
  Lodul (D:10)
  A sixfirhy (Lair:5)
  3 sea snakes
  2 orc knights (Orc:2)
  4 mana vipers
  An oklob plant (Lair:3)
  4 fauns (Shoals:2)
  A salamander (Snake:1)
  2 orc sorcerers
  An ugly thing (D:12)
  4 cyclopes
  2 manticores
  2 merfolk sirens (Shoals:2)
  11 black mambas
  3 elephants
  A water nymph (Shoals:1)
  Joseph (D:9)
  A smoke demon (Lair:5)
  4 orange demons (Lair:5)
  3 gargoyles
  8 cane toads
  5 naga magi
  Maggie (D:8)
  8 kobold blastminers
  9 rime drakes
  2 unseen horrors (D:12)
  11 komodo dragons
  3 kobold demonologists (D:11)
  Psyche (D:8)
  An ice devil (Lair:5)
  A red devil (Lair:5)
  8 merfolk
  2 polar bears
  A hornet (Lair:1)
  6 trolls
  Prince Ribbit (Bailey)
  Grinder (D:4)
  2 snapping turtles (Shoals:1)
  A wind drake (Shoals:2)
  31 blink frogs
  A slime creature (Lair:4)
  A shadow (D:10)
  Sigmund (D:3)
  A wraith (D:10)
  3 water elementals (Shoals:2)
  54 yaks
  6 wyverns
  3 fire bats (Lair:2)
  3 basilisks
  3 humans (Bailey)
  A steam dragon (D:7)
  4 vampire mosquitoes (D:11)
  3 wargs (Orc:2)
  19 nagas
  Edmund (D:4)
  2 hell hounds (Lair:5)
  12 water moccasins
  35 orc warriors
  4 black bears
  3 ice beasts
  3 centaurs
  11 wolves
  16 ogres
  Blork the orc (D:4)
  5 kobold brigands
  22 bullfrogs
  2 gnoll sergeants
  2 scorpions
  4 wights (D:9)
  8 killer bees
  2 howler monkeys
  2 electric eels
  A hound (D:6)
  6 jellies
  25 orc priests
  A gnoll bouda (D:10)
  6 hell rats (Lair:1)
  4 iguanas
  A sleepcap (D:6)
  25 orc wizards
  Robin (D:4)
  8 gnolls
  9 adders
  2 river rats (Sewer)
  7 white imps
  2 ufetubi (D:5)
  3 worms
  A dart slug (D:2)
  108 orcs
  8 endoplasms
  7 giant cockroaches
  18 goblins
  13 hobgoblins
  14 jackals
  5 quokkas
  13 ball pythons
  8 bats
  5 frilled lizards
  18 kobolds
  7 rats
749 creatures vanquished.

Vanquished Creatures (others)
  A fire crab (Lair:1)
  An orc knight (Orc:2)
  A mana viper (Snake:2)
  2 orc sorcerers (Orc:2)
  A manticore (D:12)
  A cane toad (Lair:1)
  A wyvern (Lair:1)
  A hell hound (Lair:5)
  5 orc warriors (Orc:2)
  2 electric eels (Snake:1)
  An orc priest (Orc:2)
  3 orcs (Orc:2)
  19 fulminant prisms
39 creatures vanquished.

Grand Total: 788 creatures vanquished

Notes
Turn   | Place    | Note
-------+----------+-------------------------------------------
     0 | D:1      | Armakuni the Felid Conjurer began the quest for the Orb.
     0 | D:1      | Reached XP level 1. HP: 7/7 MP: 4/4
     2 | D:1      | Noticed a minotaur
     2 | D:1      | Noticed a gargoyle
     4 | D:1      | Noticed a naga
     4 | D:1      | Noticed a meteoran
     6 | D:1      | Noticed a vampire
     6 | D:1      | Noticed a demigod
     8 | D:1      | Noticed a demonspawn
    10 | D:1      | Noticed a formicid
    10 | D:1      | Noticed a troll
    12 | D:1      | Noticed a draconian
    12 | D:1      | Noticed a tengu
    14 | D:1      | Noticed a vine stalker
    14 | D:1      | Noticed a felid
    16 | D:1      | Noticed an octopode
    16 | D:1      | Noticed an elf
    18 | D:1      | Noticed a ghoul
    20 | D:1      | Noticed an ogre
    22 | D:1      | Noticed an armataur
    22 | D:1      | Noticed a merfolk
    24 | D:1      | Noticed a spriggan
    26 | D:1      | Noticed a gargoyle
    26 | D:1      | Noticed a minotaur
   396 | D:1      | Reached XP level 2. HP: 11/11 MP: 3/6
   540 | D:1      | Found a faded altar of an unknown god.
   632 | D:1      | Learned a level 2 spell: Searing Ray
  1455 | D:2      | Reached XP level 3. HP: 14/14 MP: 4/7
  2024 | D:2      | Found the Hermit's Pendant {Faith Invo=14 Evo=0 MP+5}
  2057 | D:2      | Reached skill level 5 in Conjurations
  2238 | D:3      | Reached XP level 4. HP: 18/18 MP: 4/8
  2314 | D:3      | Noticed a +0 short sword
  2314 | D:3      | Noticed a +0 short sword
  2314 | D:3      | Noticed a +0 spear
  2314 | D:3      | Noticed a +0 falchion
  2314 | D:3      | Noticed a +0 falchion
  2314 | D:3      | Noticed a +0 dagger
  2321 | D:3      | Noticed a +0 spear
  2339 | D:3      | Noticed a +0 dagger
  2343 | D:3      | Found a hide-covered altar of Uskayaw.
  2541 | D:3      | Found a bloodstained altar of Trog.
  2541 | D:3      | Found a sacrificial altar of Ru.
  2864 | D:3      | Noticed Sigmund
  2876 | D:3      | Killed Sigmund
  2877 | D:3      | Reached XP level 5. HP: 21/21 MP: 6/9
  3105 | D:3      | Gained mutation: You are covered in thick fur. (AC +2)
                  | [Felid growth]
  3105 | D:3      | Reached XP level 6. HP: 17/24 MP: 2/10
  3888 | D:4      | Found a staircase to the Ecumenical Temple.
  3899 | D:4      | Noticed Edmund
  3903 | Temple   | Entered the Ecumenical Temple
  3917 | Temple   | Became a worshipper of Elyvilon the Healer
  3951 | D:4      | Found a glowing drain.
  3955 | Sewer    | Entered a sewer
  4156 | Sewer    | Reached XP level 7. HP: 23/27 MP: 16/18
  4479 | D:4      | Noticed Blork the orc
  4515 | D:4      | Killed Edmund
  4712 | D:4      | Learned a level 4 spell: Iskenderun's Mystic Blast
  4748 | D:4      | Noticed Grinder
  4755 | D:4      | Killed Grinder
  4817 | D:4      | Found a broken altar of Ashenzari.
  4835 | D:4      | Noticed Robin
  4846 | D:4      | Reached XP level 8. HP: 31/31 MP: 16/19
  4891 | D:4      | Killed Robin
  5013 | D:4      | Reached * piety under Elyvilon
  5405 | D:4      | Killed Blork the orc
  5496 | D:5      | Entered Level 5 of the Dungeon
  5544 | D:5      | Reached ** piety under Elyvilon
  5724 | D:5      | Reached skill level 10 in Conjurations
  5760 | D:5      | Found an iron altar of Okawaru.
  6007 | D:5      | Found a hazy altar of Hepliaklqana.
  6294 | D:6      | Reached *** piety under Elyvilon
  6318 | D:6      | Found Asereq's General Store.
  6326 | D:6      | Bought a scroll of identify for 28 gold pieces
  6387 | D:6      | Found Rabudaysh's Magic Scroll Shoppe.
  6421 | D:6      | Bought 2 scrolls of teleportation for 66 gold pieces
  6421 | D:6      | Bought a scroll of blinking for 82 gold pieces
  6421 | D:6      | Bought a scroll of identify for 22 gold pieces
  6880 | D:6      | Upgraded the game from 0.31-a0-1096-g246cf0196b to
                  | 0.31-a0-1098-g6898e6545c
  6907 | D:6      | Found Fafuyzyrob's Antique Weapon Shoppe.
  7122 | D:6      | Reached skill level 5 in Spellcasting
  7377 | D:6      | Found Tiytism's Jewellery Shoppe.
  7530 | D:7      | Reached **** piety under Elyvilon
  7563 | D:7      | Reached XP level 9. HP: 29/34 MP: 20/20
  7585 | D:7      | Reached skill level 1 in Fighting
  7726 | D:7      | Found a flagged portal.
  7732 | Bailey   | Entered a bailey
  8081 | Bailey   | Noticed a vault guard
  8081 | Bailey   | Noticed Prince Ribbit
  8094 | Bailey   | Killed Prince Ribbit
  8120 | Bailey   | Killed a vault guard
  8259 | Bailey   | Noticed a vault guard
  8276 | Bailey   | Killed a vault guard
  8277 | Bailey   | Reached XP level 10. HP: 47/47 MP: 7/21
  8395 | Bailey   | Learned a level 2 spell: Wereblood
  9040 | D:7      | Found Letsitt's Antique Armour Emporium.
  9179 | D:7      | Found an ornate altar of the Wu Jian Council.
  9509 | D:8      | Noticed Psyche
  9514 | D:8      | Killed Psyche
  9752 | D:8      | Noticed Maggie
  9762 | D:8      | Killed Maggie
  9988 | D:8      | Noticed Gastronok
 10079 | D:8      | Gained mutation: Your spells are a little harder to cast,
                  | but a little more powerful. [potion of mutation]
 10079 | D:8      | Gained mutation: You are partially covered in large bone
                  | plates. (SH +4) [potion of mutation]
 10133 | D:8      | Killed Gastronok
 10591 | D:8      | Found a sparkling altar of Nemelex Xobeh.
 11158 | D:9      | Reached XP level 11. HP: 31/53 MP: 20/22
 11246 | D:9      | Reached skill level 10 in Translocations
 11510 | D:9      | Found a burning altar of Makhleb.
 11510 | D:9      | Noticed Joseph
 11699 | D:9      | Killed Joseph
 12041 | D:9      | Found a staircase to the Orcish Mines.
 12272 | D:10     | Entered Level 10 of the Dungeon
 12286 | D:10     | Noticed Harold
 12320 | D:10     | Killed Harold
 12793 | D:10     | Noticed Lodul
 12804 | D:10     | Killed Lodul
 12805 | D:10     | Reached skill level 5 in Dodging
 13459 | D:10     | Reached ***** piety under Elyvilon
 13824 | D:11     | Noticed a soul eater
 13825 | D:11     | Noticed a sun demon
 14086 | D:11     | Found a staircase to the Lair.
 14155 | Lair:1   | Entered Level 1 of the Lair of Beasts
 14502 | Lair:1   | Gained mutation: Your thick and shaggy fur keeps you warm.
                  | (AC +3, rC+) [Felid growth]
 14502 | Lair:1   | Reached XP level 12. HP: 57/57 MP: 15/24
 15156 | Lair:1   | Noticed a dire elephant
 15157 | Lair:1   | Noticed an alligator
 15160 | Lair:1   | Pacified a dire elephant
 15163 | Lair:1   | Pacified an alligator
 15164 | Lair:1   | Reached skill level 10 in Dodging
 15956 | Lair:2   | Reached skill level 10 in Spellcasting
 16723 | Lair:2   | Noticed a five-headed hydra
 16724 | Lair:2   | Pacified a five-headed hydra
 16739 | Lair:2   | Noticed a death yak
 16739 | Lair:2   | Noticed a death yak
 16741 | Lair:2   | Pacified a death yak
 16743 | Lair:2   | Pacified a death yak
 16743 | Lair:2   | Noticed a death yak
 16744 | Lair:2   | Reached skill level 15 in Translocations
 16751 | Lair:2   | Noticed a death yak
 16761 | Lair:2   | Killed a death yak
 16762 | Lair:2   | Reached XP level 13. HP: 60/60 MP: 10/28
 18215 | Lair:3   | Identified a scroll of acquirement
 18234 | Lair:3   | Found a staircase to the Shoals.
 18244 | Lair:3   | Acquired 476 gold pieces
 19011 | Lair:4   | Found a viscous altar of Jiyva.
 19102 | Lair:4   | Found a staircase to the Slime Pits.
 19168 | Lair:3   | Found a staircase to the Snake Pit.
 20113 | Lair:5   | Entered Level 5 of the Lair of Beasts
 20575 | Lair:5   | Reached XP level 14. HP: 60/64 MP: 22/33
 21332 | Lair:5   | Reached skill level 15 in Spellcasting
 21869 | Lair:5   | Found a burning altar of Makhleb.
 21936 | Lair:5   | Found a gateway to Hell.
 22307 | Orc:1    | Entered Level 1 of the Orcish Mines
 23222 | Orc:2    | Entered Level 2 of the Orcish Mines
 24311 | Orc:2    | Found a staircase to the Elven Halls.
 24515 | Orc:2    | Noticed an orc warlord
 24841 | Orc:2    | Found Kuimp's Antique Armour Emporium.
 24846 | Orc:2    | Found Essazxism's Antique Weapon Shoppe.
 25202 | Orc:1    | Learned a level 2 spell: Poisonous Vapours
 25336 | Orc:2    | Killed an orc warlord
 26136 | Orc:2    | Found Vutuin's Armour Shop.
 26239 | Orc:2    | Found Qiduisso's Assorted Antiques.
 26598 | D:11     | Reached skill level 1 in Air Magic
 26598 | D:11     | Reached skill level 1 in Poison Magic
 26734 | D:11     | Noticed Urug
 26775 | D:11     | Killed Urug
 27841 | D:12     | Reached XP level 15. HP: 68/68 MP: 35/35
 28558 | D:12     | Noticed Frances
 28590 | D:12     | Killed Frances
 28591 | D:12     | Acquired 1318 gold pieces
 29144 | Snake:1  | Entered Level 1 of the Snake Pit
 29146 | Snake:1  | Reached skill level 1 in Unarmed Combat
 29315 | Shoals:1 | Entered Level 1 of the Shoals
 29392 | Shoals:2 | Noticed Ilsuiw
 30348 | Shoals:1 | Learned a level 4 spell: Fulminant Prism
 30505 | Shoals:2 | Reached skill level 1 in Hexes
 30930 | Shoals:2 | Reached skill level 5 in Hexes
 31177 | Shoals:2 | Killed from afar by a wind drake
 31178 | Shoals:2 | Noticed Polyphemus
 31208 | Shoals:2 | Elyvilon protects you from harm!
 32017 | Lair:3   | Learned a level 3 spell: Inner Flame
 32376 | Snake:1  | Reached skill level 10 in Hexes
 33062 | Snake:1  | Reached skill level 1 in Fire Magic
 33284 | Snake:1  | Found Piashrag's Jewellery Boutique.
 33284 | Snake:1  | Found Mossoih's Book Emporium.
 33285 | Snake:1  | Found Wepsef's Book Emporium.
 33300 | Snake:1  | Bought a book of Lightning for 648 gold pieces
 33302 | Snake:1  | Bought a book of Annihilations for 1080 gold pieces
 33323 | Snake:1  | Learned a level 5 spell: Arcjolt
 33626 | Snake:1  | Elyvilon protects you from harm!
 33627 | Snake:1  | Elyvilon protects you from harm!
 33628 | Snake:1  | HP: 2/68 [poisoned by a naga mage (splash of poison)]
 33629 | Snake:1  | Succumbed to a naga mage's splash of poison
 34558 | Snake:1  | Reached skill level 5 in Air Magic
 34868 | Snake:2  | Killed from afar by a shock serpent

Illustrated notes

Levels and vault maps discovered:
D:1:      kb_arrival_jail, layout_basic, shapermc_ecumenical_altar_flowoftime
D:2:      layout_rooms, minmay_pentomino_pile
D:3:      layout_loops_ring, nicolae_uskayaw_en_pointe,
          gammafunk_temple_overflow_elements, uniq_sigmund
D:4:      layout_basic, ashenzari_conservatory_becter,
          minmay_temple_entry_offerings, gup_sewer_entry_bowl,
          minmay_splitting_lines, uniq_blork_the_orc, uniq_edmund, uniq_robin,
          uniq_grinder
D:5:      layout_gridville, mainiacjoe_overflow_tiny_flanked,
          nicolae_hepliaklqana_hippocampus
D:6:      layout_layer_cave, serial_shops, nicolae_shop_real_fake_doors,
          nicolae_square_shop, nicolae_shop_statue_plus, kennysheep_mini
D:7:      layout_rooms, lemuel_crystal_altar, enter_bailey_4, serial_shops,
          shop, kennysheep_boxes
D:8:      layout_basic, nemelex_spade_bored_becter, kennysheep_generic_room_12,
          uniq_gastronok, uniq_psyche, uniq_maggie
D:9:      layout_rooms, bloody_makhleb, david_orc_2, serial_bayou_lake_a,
          uniq_joseph
D:10:     layout_basic, kennysheep_small_square, uniq_harold, uniq_lodul
D:11:     layout_basic, hellmonk_lair_entry_icy, uniq_urug
D:12:     layout_basic, uniq_frances
D:13:     layout_gridville, hellmonk_vaults_order_and_chaos, uniq_erolcha
Temple:   nicolae_temple_figure_eight
Lair:1:   layout_cave_shapes, nicolae_lair_lakeside_cave, lemuel_fruit_tree
Lair:2:   layout_chaotic_city, nicolae_volcano_entry_batcave,
          infiniplex_staircase_pool
Lair:3:   layout_big_grid, shoals_dummy_entry,
          minmay_snake_entry_guardpost_medium, serial_bayou_shore_b
Lair:4:   layout_hall_layers, minmay_slime_entry_pillars, nicolae_lair_lil_pond,
          st_stairs_8, infiniplex_staircase_pool_2
Lair:5:   evil_forest, layout_hall_layers
Shoals:1: layout_shoals
Shoals:2: layout_shoals, uniq_polyphemus, uniq_ilsuiw
Snake:1:  layout_chambers, serial_bayou_shore_a, minmay_shop_grove
Snake:2:  layout_basic, nicolae_snake_guarding_the_ruins
Orc:1:    layout_diamond_mine, basic_altar
Orc:2:    grunt_orc_community_town_hall, layout_caves,
          grunt_orc_community_big_house_1, grunt_orc_community_big_house_2,
          grunt_orc_community_house_3, grunt_orc_community_house_1,
          grunt_orc_community_house_2, grunt_orc_community_house_1,
          grunt_orc_community_house_1, grunt_orc_community_house_2, basic_altar,
          lightli_orcish_oven

Skill      XL: |  1  2  3  4  5  6  7  8  9 10 11 12 13 14 15 |
---------------+----------------------------------------------+-----
Conjurations   | 4 5 6 7 9 10 11 13 | 13.6
Translocations | 4 9 12 15 | 15.0
Spellcasting   | 5 7 10 14 15 | 15.0
Fighting       | 7 9 |  9.5
Dodging        | 8 10 | 10.0
Air Magic      | 2 5 |  5.1
Poison Magic   | 2 4 |  4.0
Unarmed Combat | 3 |  3.8
Hexes          | 10 | 10.0
Shapeshifting  | 2 |  2.9
Fire Magic     | 3 |  3.6
Stealth        | |  2.6

Action                     |  1- 3 |  4- 6 |  7- 9 | 10-12 | 13-15 || total
---------------------------+-------+-------+-------+-------+-------++-------
  Melee: Unarmed           |     2 |     9 |    17 |    15 |    23 ||    66
         Punch             |     1 |       |       |       |       ||     1
         Bite              |       |     1 |     2 |     3 |     6 ||    12
   Cast: Magic Dart        |    24 |     1 |       |       |       ||    25
         Searing Ray       |    28 |    45 |    78 |   134 |   126 ||   411
         Iskenderun's Myst |       |       |    17 |   108 |   430 ||   555
         Poisonous Vapours |       |       |       |       |   111 ||   111
         Inner Flame       |       |       |       |       |    32 ||    32
         Fulminant Prism   |       |       |       |       |    19 ||    19
         Arcjolt           |       |       |       |       |     6 ||     6
 Invoke: Heal Other        |       |       |     2 |    24 |    38 ||    64
         Heal Self         |       |       |     2 |     7 |    15 ||    24
         Purification      |       |       |     1 |     2 |     6 ||     9
  Evoke: Wand              |       |       |    25 |     3 |    23 ||    51
    Use: Scroll            |       |     8 |    11 |     3 |    14 ||    36
         Potion            |       |     1 |     4 |     4 |     4 ||    13
   Stab: Sleeping          |       |       |     1 |       |       ||     1
 Armour: Skin              |     2 |    24 |    36 |    98 |   191 ||   351
  Dodge: Dodged            |    16 |    36 |    47 |   196 |   409 ||   704
  Block: Other             |       |       |       |    26 |    61 ||    87
   Form: Beast             |       |       |       |       |     1 ||     1

Table legend: (Time is in decaauts)
 A = Elapsed time spent in this place.
 B = Non-inter-level travel time spent in this place.
 C = Inter-level travel time spent in this place.
 D = Time resting spent in this place.
 E = Time spent auto-exploring this place.
 F = Levels seen in this place.
 G = Mean time per level.
                   A        B        C        D        E       F      G
               +--------+--------+--------+--------+--------+-----+--------+
         Total |  31951 |  30713 |   1238 |  12853 |  11656 |  27 | 1183.4 |
       Dungeon |  14407 |  13918 |    489 |   5186 |   6381 |  13 | 1108.2 |
        Temple |     27 |     27 |      0 |      0 |      0 |   1 |   27.0 |
          Lair |   7814 |   7298 |    516 |   3161 |   2565 |   5 | 1562.8 |
        Shoals |   2367 |   2238 |    129 |   1420 |     57 |   2 | 1183.5 |
     Snake Pit |   2639 |   2596 |     43 |   1146 |   1035 |   2 | 1319.5 |
  Orcish Mines |   3520 |   3460 |     60 |   1361 |   1355 |   2 | 1760.0 |
         Sewer |    487 |    487 |      0 |    172 |    180 |   1 |  487.0 |
        Bailey |    687 |    687 |      0 |    405 |     81 |   1 |  687.0 |
               +--------+--------+--------+--------+--------+-----+--------+

Top non-repeatable levels by time:
   Orc:2: 2192 daAuts
 Snake:1: 2054 daAuts
Shoals:1: 1960 daAuts
     D:8: 1874 daAuts
  Lair:1: 1772 daAuts
  Lair:4: 1730 daAuts
  Lair:2: 1697 daAuts
  Lair:5: 1512 daAuts
     D:3: 1432 daAuts
     D:9: 1413 daAuts
   Orc:1: 1327 daAuts
    D:10: 1284 daAuts
    D:12: 1280 daAuts
    D:11: 1277 daAuts
  Lair:3: 1102 daAuts
